 Dungeon Crawl Stone Soup version 0.30-a0-571-gdf30a72648 (webtiles) character file.

Game seed: 12388674579351771165

156 Newt the Trooper (level 5, 0/42 HPs)
             Began as a Demonspawn Gladiator on Dec 29, 2022.
             Slain by an orc wizard
             ... wielding a +0 dagger
              (2 damage)
             ... on level 4 of the Dungeon.
             The game lasted 00:03:51 (2755 turns).

Newt the Trooper (Demonspawn Gladiator)             Turns: 2755, Time: 00:03:51

Health: 0/42       AC: 11    Str: 22    XL:     5   Next: 15%
Magic:  5/5        EV: 12    Int:  9    God:
Gold:   103        SH:  0    Dex: 15    Spells: 4/4 levels left

rFire   . . .      SeeInvis .    n - +0 mace
rCold   . . .      Faith    .    (no shield)
rNeg    . . .      Spirit   .    s - +1 ring mail {rPois}
rPois   +          Reflect  .    (helmet restricted)
rElec   .          Harm     .    (no cloak)
rCorr   .          Rampage  .    j - +1 pair of gloves
Will    .....                    o - +2 pair of boots
Stlth   +                        (no amulet)
HPRegen 0.27/turn                l - +6 ring of strength
MPRegen 0.09/turn                (no ring)

@: no status effects
A: horns 1, powered by pain 1
a: no special abilities


You were on level 4 of the Dungeon.
You visited 1 branch of the dungeon, and saw 4 of its levels.

You collected 103 gold pieces.

Inventory:

Hand Weapons
 a - a +0 rapier
 n - a +0 mace (weapon)
Missiles
 d - a throwing net (quivered)
 e - a javelin
Armour
 b - a +0 leather armour
 c - a +0 helmet
 j - a +1 pair of gloves (worn)
 o - a +2 pair of boots (worn)
 s - a +1 ring mail of poison resistance (worn)
 t - a +0 kite shield
Jewellery
 l - a +6 ring of strength (left hand)
Scrolls
 g - a scroll of amnesia
 h - a scroll of identify
 i - a scroll of vulnerability
 k - a scroll of enchant armour
Potions
 q - a potion of haste {unknown}
 r - a potion of invisibility {unknown}


   Skills:
 - Level 4.0 Fighting
 - Level 2.6 Short Blades
 + Level 3.1 Throwing
 - Level 2.6 Dodging
 - Level 2.0 Stealth


You had 4 spell levels left.
You didn't know any spells.
Your spell library was empty.

Dungeon Overview and Level Annotations

Branches:
Dungeon (4/15)
 Temple: D:4-7

Altars:


Innate Abilities, Weirdness & Mutations

You have a pair of small horns on your head.
You sometimes gain a little power by taking damage.


Message History

The orc wizard hits you but does no damage.
The orc hits you but does no damage. The kobold hits you with a +0 club.
The orc priest hits you with a +0 flail.
You hit the kobold.
You kill the kobold!
The orc hits you but does no damage.
The orc wizard gestures at you while chanting.
The magic dart hits you!
The orc priest looks braver for a moment.
The orc priest attacks as you move away!
The orc priest closely misses you.
The orc wizard attacks as you move away!
The orc wizard hits you but does no damage.
Things that are here:
a +0 club; a kobold corpse The orc priest calls down the wrath of Beogh upon you.
Pain shoots through your body!
* * * LOW HITPOINT WARNING * * *
The orc wizard attacks as you move away!
The orc wizard hits you but does no damage.
The orc priest hits you but does no damage.
Found a leather armour.
There is a stone staircase leading down here.
You can't go up here!
The orc wizard gestures at you while chanting.
The puff of flame hits you but does no damage.
The orc priest misses you. The orc barely misses you.
You climb downwards.
There is a stone staircase leading up here.
Unknown command.
You barely miss the orc priest. The orc wizard misses you.
The orc priest closely misses you. The orc closely misses you.
The orc priest completely misses you. The orc wizard closely misses you.
The orc hits you with a +0 falchion.
* * * LOW HITPOINT WARNING * * *
It was a potion of curing.
You feel better. The orc hits you with a +0 falchion.
* * * LOW HITPOINT WARNING * * *
The orc wizard hits you with a +0 dagger.
You die...

# .# ##.
## .. ..
##.#.#.#.
#.o......
#@.#
#oo....#
#.##.###
#.# # #.#
#.# #.#
###


You could see an orc priest, an orc wizard and an orc.

Vanquished Creatures
  A jelly (D:2)
  Terence (D:2)
  3 adders (D:2)
  2 worms (D:2)
  A dart slug (D:1)
  3 orcs (D:2)
  4 ball pythons (D:1)
  5 endoplasms
  3 giant cockroaches
  4 goblins
  9 hobgoblins
  7 jackals (D:1)
  2 quokkas
  4 bats
  2 frilled lizards
  8 kobolds
  3 rats (D:1)
62 creatures vanquished.

Notes
Turn   | Place    | Note
-------+----------+-------------------------------------------
     0 | D:1      | Newt the Demonspawn Gladiator began the quest for the Orb.
     0 | D:1      | Reached XP level 1. HP: 16/16 MP: 1/1
   101 | D:1      | Reached skill level 1 in Stealth
   117 | D:1      | Gained mutation: You sometimes gain a little power by
                  | taking damage. [demonic ancestry]
   117 | D:1      | Reached XP level 2. HP: 15/22 MP: 2/2
   165 | D:1      | Found a faded altar of an unknown god.
   716 | D:1      | Gained mutation: You have a pair of small horns on your
                  | head. [demonic ancestry]
   716 | D:1      | Reached XP level 3. HP: 27/28 MP: 3/3
  1128 | D:1      | Reached skill level 3 in Fighting
  1427 | D:2      | Reached XP level 4. HP: 24/37 MP: 4/4
  1634 | D:2      | Reached skill level 4 in Fighting
  1795 | D:2      | Noticed Terence
  1826 | D:2      | Killed Terence
  2358 | D:2      | Reached XP level 5. HP: 34/42 MP: 5/5
  2755 | D:4      | HP: 2/42 [orc/+0 falchion (6)]
  2755 | D:4      | Slain by an orc wizard

Illustrated notes

Levels and vault maps discovered:
D:1:      beargit_arrival_diablo_church, layout_basic, serial_forest,
          infiniplex_forest_clump_tiny, infiniplex_forest_end_double,
          infiniplex_forest_corner_1, infiniplex_forest_clump_cross,
          infiniplex_forest_clump_diagonal, basic_ecumenical_altar
D:2:      layout_rooms, serial_park_tiny_pond, minivault_5, minivault_11,
          st_stairs_10, guppyfry_early_orc_mine, uniq_terence
D:3:      layout_rooms
D:4:      layout_loops_ring, trog_hazing_becter,
          nicolae_ru_the_path_less_chosen, gammafunk_ghost_mausoleum,
          serial_rivers, chequers_serial_rivers_large_b,
          chequers_serial_rivers_large_a, chequers_serial_rivers_micro_a,
          chequers_serial_rivers_room_b, chequers_serial_rivers_small_b

Skill      XL: |  1  2  3  4  5 |
---------------+----------------+-----
Stealth        | 1 2 |  2.0
Fighting       | 3 4 |  4.0
Throwing       | 2 3 |  3.1
Short Blades   | |  2.6
Dodging        | |  2.6

Action                   |  1- 3 |  4- 6 || total
-------------------------+-------+-------++-------
Melee: Rapier            |   125 |    48 ||   173
       Headbutt          |     4 |    16 ||    20
       Mace              |       |    46 ||    46
       Punch             |       |     1 ||     1
Throw: Throwing net      |     2 |     2 ||     4
       Javelin           |       |     1 ||     1
  Use: Scroll            |       |     4 ||     4
       Potion            |       |     2 ||     2
 Stab: Sleeping          |     2 |     3 ||     5
       Held in net/web   |     1 |     1 ||     2
Armor: Leather armour    |    32 |    17 ||    49
       Ring mail         |       |    24 ||    24
Dodge: Dodged            |   122 |    70 ||   192

Table legend: (Time is in decaauts)
 A = Elapsed time spent in this place.
 B = Non-inter-level travel time spent in this place.
 C = Inter-level travel time spent in this place.
 D = Time resting spent in this place.
 E = Time spent auto-exploring this place.
 F = Levels seen in this place.
 G = Mean time per level.
                   A        B        C        D        E       F      G
               +--------+--------+--------+--------+--------+-----+--------+
         Total |   2783 |   2741 |     42 |    678 |   1552 |   4 |  695.8 |
       Dungeon |   2783 |   2741 |     42 |    678 |   1552 |   4 |  695.8 |
               +--------+--------+--------+--------+--------+-----+--------+

Top non-repeatable levels by time:
     D:1: 1427 daAuts
     D:2: 1321 daAuts
     D:3: 32 daAuts
     D:4: 2 daAuts
